AoeStats
← MisoConnoisseur

Hideout

507949443Analyzed
1v1 RM · 12d ago on Sep 20, 2026· 26m 34s· 2 players
Game mode
Random Map
Map size
Tiny (2 player)
Population
200
Speed
Normal
Resources
Standard
Victory
Conquest
Starting age
Dark Age
Ending age
Imperial Age
RankedLock teamsTeams togetherTeam positionsShared explorationLock speedFull tech treeHidden civsTurbo modeCheats
Victory
Defeat
🇫🇷 Spanish · France
1108
+15
🇦🇺 Spanish · Australia
1087
-15
MisoConnoisseur
10:37 Feudal Age
11:19 Double-Bit Axe
11:54 Loom
12:00 Horse Collar
13:23 Wheelbarrow
16:33 Castle Age
17:29 Bow Saw
18:24 Hand Cart
19:57 Fletching
22:27 Padded Archer Armor
22:41 Town Watch
22:43 Elite Skirmisher
24:11 Leather Archer Armor
25:28 Bodkin Arrow
kiara.g
10:34 Feudal Age
14:08 Castle Age
16:30 Double-Bit Axe
16:27 Horse Collar
19:02 Loom
21:16 Fletching
21:29 Padded Archer Armor
26:17 Gold Mining
Connection lost

Rejoining the realm…

Still unreachable

The connection could not be restored.

Session expired

The server has moved on; the page needs a fresh start.